Map: Blackpink LE

Players

CinDra - Winner!

  • Race: Zerg Zerg
  • League: Gold
  • Spawn Location: 7:00

Junglefear

  • Race: Terran Terran
  • League: Gold
  • Spawn Location: 1:00

VOD

Have the link to the VOD?

Description

Time

  • Played on: March 14, 2018, 1:28 p.m.
  • Length: 11:32
Show
View Real Time Build Order
Export as new Build Order

CinDra Zerg - Winner!

Build Orders: Hatch First 

Get SALT Encoding   

  12  0:01  Drone  
  13  0:12  Overlord  
  13  0:17  Drone  
  14  0:30  Drone  
  14  0:31  Drone  
  14  0:34  Drone  
  17  0:52  Hatchery  
  17  0:56  Drone  
  17  0:58  Drone  
  18  1:06  Drone  
  19  1:14  Extractor  
  19  1:17  Spawning Pool  
  17  1:19  Drone  
  18  1:28  Drone  
  19  1:41  Overlord  
  19  2:05  Zergling x6  
  19  2:06  Queen x2  
  26  2:13  Drone  
  27  2:21  Metabolic Boost  
  27  2:23  Drone x2  
  27  2:25  Drone  
  30  2:32  Drone  
  30  2:36  Drone  
  32  2:46  Drone  
  33  2:51  Queen  
  33  2:53  Overlord  
  35  3:03  Overlord  
  35  3:04  Drone  
  36  3:08  Hatchery  
  35  3:13  Overlord  
  35  3:21  Queen  
  35  3:23  Drone  
  35  3:24  Drone x2  
  40  3:42  Drone  
  40  3:43  Overlord, Drone x3  
  40  3:44  Drone x2  
  45  3:56  Zergling x4  
  47  4:11  Drone  
  47  4:12  Drone x2  
  50  4:22  Zergling x8  
  51  4:37  Drone  
  51  4:40  Roach Warren  
  51  4:41  Queen  
  49  4:59  Queen  
  48  5:04  Zergling x2  
  48  5:05  Zergling x18  
  60  5:08  Overlord  
  60  5:15  Drone  
  60  5:16  Drone x3  
  60  5:20  Extractor  
  63  5:21  Drone  
  63  5:27  Overlord  
  49  5:48  Drone x9  
  49  5:49  Drone x2  
  60  5:55  Lair  
  60  6:03  Extractor  
  59  6:09  Extractor  
  58  6:13  Drone  
  58  6:14  Drone x4  
  58  6:15  Roach x5  
  58  6:16  Overlord x2  
  73  6:38  Drone  
  73  6:39  Drone x4  
  78  6:41  Drone  
  78  6:43  Drone  
  78  6:44  Drone x8  
  88  6:47  Roach  
  88  6:53  Spire  
  89  6:59  Evolution Chamber  
  88  7:03  Evolution Chamber  
  88  7:07  Roach  
  88  7:08  Overlord x4  
  89  7:25  Drone  
  90  7:32  Roach x10  
  110  7:38  Hatchery  
  110  7:40  Zerg Missile Weapons Level 1, Zerg Ground Armor Level 1  
  109  7:47  Drone  
  109  7:48  Drone x6  
  109  7:49  Overlord, Drone, Roach  
  119  7:55  Pneumatized Carapace  
  119  8:08  Mutalisk  
  121  8:13  Mutalisk x2  
  121  8:19  Extractor  
  124  8:21  Extractor  
  124  8:23  Overseer x3  
  123  8:48  Drone x3  
  126  8:50  Queen  
  126  8:52  Mutalisk x2  
  126  8:53  Overlord x4  
  132  8:56  Zerg Flyer Weapons Level 1  
  132  8:57  Mutalisk  
  134  9:21  Overlord x2  
  134  9:22  Mutalisk x4  
  142  9:40  Drone x2  
  142  9:41  Drone x4  
  142  9:43  Mutalisk  
  142  9:44  Mutalisk x2  
  142  9:45  Overlord x5  
  154  9:46  Overlord x6  
  154  10:18  Roach x19  
  192  10:35  Roach x4  
  180  10:45  Roach x11  
  178  11:00  Roach x7  
  192  11:12  Drone  
  192  11:14  Infestation Pit  
Show
View Real Time Build Order
Export as new Build Order

Junglefear Terran 

Build Orders: Hellion Opening, Mech 

Get SALT Encoding   

  12  0:01  SCV  
  13  0:13  SCV  
  14  0:19  Refinery  
  14  0:28  Supply Depot  
  14  0:29  SCV  
  15  0:50  SCV  
  15  0:54  Barracks  
  16  1:02  SCV  
  17  1:05  Supply Depot  
  17  1:14  SCV  
  18  1:22  Refinery  
  18  1:26  SCV  
  19  1:38  SCV  
  20  1:42  Factory  
  20  1:48  Barracks Reactor  
  20  1:55  Orbital Command  
  20  2:15  Factory  
  20  2:26  Factory Tech Lab  
  20  2:32  SCV  
  20  2:36  Marine x2  
  23  2:43  Supply Depot  
  23  2:44  SCV  
  24  2:55  Supply Depot  
  24  3:01  Infernal Pre-Igniter  
  24  3:25  Hellion x2  
  28  3:32  Hellion  
  30  3:43  Marine  
  30  3:45  Supply Depot  
  30  3:46  Hellion  
  30  3:47  Hellion  
  35  3:54  Hellion  
  37  4:01  Marine  
  38  4:08  Hellion x2  
  42  4:12  Supply Depot  
  42  4:15  Hellion  
  42  4:29  Hellion  
  32  5:17  Command Center  
  24  5:51  Siege Tank  
  24  5:53  Armory  
  27  5:58  SCV  
  28  6:10  SCV  
  29  6:13  Refinery  
  29  6:22  SCV  
  29  6:23  Siege Tank  
  33  6:31  Refinery  
  33  6:32  Orbital Command  
  33  6:34  SCV  
  34  6:41  Terran Vehicle Weapons Level 1  
  34  6:45  Hellbat  
  34  6:46  Hellbat, SCV  
  39  6:55  Siege Tank  
  39  6:59  SCV  
  43  7:01  SCV  
  43  7:07  Hellbat x2  
  48  7:11  Bunker, SCV  
  48  7:14  SCV  
  50  7:26  SCV  
  50  7:27  Siege Tank  
  50  7:28  Hellbat x2  
  58  7:36  Marine  
  59  7:38  SCV  
  60  7:49  Hellbat  
  60  7:50  Hellbat, SCV  
  65  7:54  Marine  
  66  7:59  Siege Tank  
  69  8:09  Factory  
  69  8:11  Hellbat x2  
  69  8:12  Marine  
  74  8:13  Starport  
  74  8:27  Command Center  
  74  8:29  Marine  
  74  8:32  Siege Tank  
  78  8:35  Terran Vehicle And Ship Armor Level 1  
  78  8:55  Marine  
  78  8:56  Starport Reactor, Hellbat x2  
  83  9:04  Supply Depot, Siege Tank  
  86  9:15  Marine  
  86  9:16  Hellbat  
  89  9:17  Hellbat x2  
  93  9:26  Supply Depot  
  93  9:33  Marine  
  93  9:35  Viking x2  
  93  9:36  Hellbat  
  93  9:37  Hellbat  
  102  9:39  Hellbat  
  104  9:49  Hellbat  
  104  9:51  Marine  
  107  9:57  Hellbat  
  109  10:04  Viking  
  111  10:07  Viking  
  110  10:18  Thor  
  116  10:25  Engineering Bay  
  112  10:34  Viking  
  108  10:37  Viking  
  56  11:00  Factory Tech Lab  
Tags
 
Composition
Mech
League
GoldGold
Matchup
TvZ
Spawn Locations
Cross Positions
Add a new tag
Caveats
  • Supply blocks, unpowered buildings, or Contaminate may cause inaccurate times.
  • Supply counts are checked every 10 seconds.